 Dungeon Crawl Stone Soup version 0.32-a0-799-g95e1662365 (webtiles) character file.

Game seed: 4839373958633906396

124 kae the Slasher (level 5, -2/38 HPs)
             Began as a Coglin Gladiator on Mar 21, 2024.
             Slain by a gnoll
             ... wielding a +0 heavy spear
              (13 damage)
             ... on level 3 of the Dungeon.
             The game lasted 00:00:46 (1780 turns).

kae the Slasher (Coglin Gladiator)                  Turns: 1780, Time: 00:00:47

Health: -2/38      AC:  4    Str: 14    XL:     5   Next: 8%
Magic:  5/5        EV: 11    Int:  7    God:
Gold:   103        SH:  0    Dex: 18    Spells: 4/4 levels left

rFire   . . .        a - +0 long sword {Fernando}
rCold   . . .        f - +0 dagger {Nozipho}
rNeg    . . .        b - +0 leather armour
rPois   .            c - +0 helmet
rElec   .            (no cloak)
rCorr   .            (no gloves)
SInv    .            (no boots)
Will    .....        (amulet unavailable)
Stlth   +            (ring unavailable)
HPRegen 0.26/turn    (ring unavailable)
MPRegen 0.09/turn    (no gizmo)

%: no passive effects
@: confused, brilliant, revving
A: off-hand wielding, slow wielding, warmup strikes, no jewellery
a: Invent Gizmo


You were on level 3 of the Dungeon.
You visited 1 branch of the dungeon, and saw 3 of its levels.

You collected 103 gold pieces.


Innate Abilities, Weirdness & Mutations

You can wield a second weapon in your off-hand.
It takes a long time for you to wield or remove held weapons.
Your first few attacks do less damage.
You cannot equip rings or amulets.


   Skills:
 - Level 2.0 Fighting
 + Level 5.6 Long Blades
 - Level 1.7 Throwing
 - Level 2.6 Dodging


You had 4 spell levels left.
You didn't know any spells.
Your spell library contained the following spells:

 Spells                   Type           Power      Damage    Failure   Level
 Summon Small Mammal      Summ           0%         N/A       52%         1
 Ensorcelled Hibernation  Hex/Ice        0%         N/A       65%         2
 Call Canine Familiar     Summ           0%         N/A       87%         3
 Passwall                 Erth           0%         N/A       87%         3
 Swiftness                Air            0%         N/A       87%         3
 Summon Blazeheart Golem  Fire/Summ      0%         N/A       99%         4

Inventory:

Hand Weapons
 a - a +0 long sword (weapon) {Fernando}
 f - a +0 dagger (offhand) {Nozipho}
Missiles
 d - 3 throwing nets (quivered) {=f!f}
 e - a javelin
 g - 19 stones
Armour
 b - a +0 leather armour (worn)
 c - a +0 helmet (worn)
Magical Staves
 j - a staff of earth {!a}
   (You found it on level 1 of the Dungeon)
Scrolls
 i - a scroll of immolation {unknown}
 l - a scroll of enchant armour {unknown}
 n - a scroll of teleportation {unknown}
 r - a scroll of blinking {unknown}
 s - a scroll of identify {unknown}
Potions
 h - 2 potions of heal wounds {unknown}
 k - a potion of might {unknown}
 m - a potion of enlightenment {unknown}
 o - a potion of brilliance
 p - 3 potions of mutation {unknown}
 q - a potion of curing {unknown}

Dungeon Overview and Level Annotations

Branches:
Dungeon (3/15) Zot: 16197

Altars:

#.$.. .#
###.... .##
#...... ... #
#...... ..##..
....<..##......
#.g.K..g......
#.....gg......
#..@.......
#.#o{o...#. #
......##
..#..o...# ...
....... ....
#(#.#.. #.##.
S#.# . #. ## .#
#


You could see 3 gnolls, an adder, 3 orcs, a goblin and a kobold.


Message History

You hit the kobold with your +0 long sword.
The kobold hits you with a +0 short sword. 😕 HP[-4]
You take 4 damage, and now have 34/38 hp.
A kobold is nearby!
You slash the kobold with your +0 long sword!
You kill the kobold!
No target in view!
Things that are here:
a +0 short sword; a kobold corpse A kobold comes into view.
It is wielding a +0 short sword. 😎 HP[+4]
Your hp is fully restored (38).
A kobold is nearby!
The kobold shouts!
A kobold is nearby!
You hit the kobold with your +0 long sword.
You hit the kobold with your +0 dagger.
You kill the kobold!
No target in view!
You now have 103 gold pieces (gained 10).
Partly explored, can't reach some places.
No target in view!
No target in view!
Partly explored, can't reach some places.
No target in view!
No target in view!
Partly explored, can't reach some places.
No target in view!
No target in view!
Partly explored, can't reach some places.
Things that are here:
a +0 short sword; a kobold corpse
Things that are here:
a +0 dagger; a kobold skeleton You see here a bat skeleton.
Key pressed, stopping travel.
Partly explored, can't reach some places.
No target in view!
No target in view!
Partly explored, can't reach some places.
Partly explored, can't reach some places.
No target in view!
No target in view!
Things that are here:
a +0 club; a +0 sling
There is a stone staircase leading down here.
You climb downwards.
The orc wizard shouts!
The orc shouts!
You hear a shout! x2
Found 8 stones and 13 gold pieces.
Found a stone staircase leading up.
There is a stone staircase leading up here.
There are monsters nearby!
There are monsters nearby!
The kobold shouts!
You hit the gnoll but do no damage.
You barely miss the gnoll with your +0 long sword.
An orc comes into view. It is wielding a +0 hand axe.
A gnoll comes into view. It is wielding a +0 whip.
An orc wizard comes into view. It is wielding a +0 dagger.
The gnoll hits you with a +0 flail.
The goblin unwields a +0 dagger.
The goblin wields a +0 sling.
The goblin shoots a sling bullet.
The sling bullet closely misses you.
The sling bullet barely misses the orc.
The orc shouts!
You hit the gnoll with your +0 long sword.
You hit the gnoll with your +0 dagger.
You hear an angry hiss.
The orc wizard points at you and mumbles some strange words.
You are confused.
The gnoll closely misses you. 😕 HP[-4]
You take 4 damage, and now have 34/38 hp.
The goblin shoots a sling bullet.
The sling bullet closely misses you.
The gnoll hits you from afar with a +0 heavy spear!
The orc wizard casts a spell.
The orc wizard flickers and vanishes!
Deactivating autopickup; reactivate with Ctrl-A.
The orc hits you with a +0 flail.
* * * LOW HITPOINT WARNING * * *
The gnoll hits you with a +0 flail!
* * * LOW HITPOINT WARNING * * *
You hear a shout!
In your confused state, you trip and fall back down the stairs.
* * * LOW HITPOINT WARNING * * *
An adder comes into view.
The goblin shoots a sling bullet.
The sling bullet barely misses you.
The sling bullet hits the orc wizard.
The orc wizard gestures wildly while chanting.
The orc wizard flickers and vanishes!
The gnoll barely misses you.
Unknown command. 😨 HP[-23]
You take 23 damage, and now have 11/38 hp.
MASSIVE DAMAGE!! (PAUSE) Unknown command.
Unknown command.
You are too confused!
You are too confused!
It was a potion of brilliance.
You feel clever all of a sudden.
The gnoll hits you from afar with a +0 heavy spear!
You die...

Skill      XL: |  1  2  3  4 |
---------------+-------------+-----
Long Blades    | 4 5 |  5.6
Fighting       | |  2.0
Throwing       | |  1.7
Dodging        | |  2.6

Action                     |  1- 3 |  4- 6 || total
---------------------------+-------+-------++-------
  Melee: Dagger            |    52 |    25 ||    77
         Long sword        |    50 |    29 ||    79
    Use: Potion            |       |     1 ||     1
   Stab: Sleeping          |     3 |       ||     3
 Armour: Leather armour    |    29 |    17 ||    46
  Dodge: Dodged            |    22 |    19 ||    41

Levels and vault maps discovered:
D:1:      dpeg_arrival_signposts, layout_loops_ring, minmay_surrounded
D:2:      layout_loops_ring, serial_forest, infiniplex_forest_end_1,
          infiniplex_forest_lined_corner, infiniplex_forest_lined_room_,
          infiniplex_forest_clump_curved, infiniplex_forest_lined_room_3,
          infiniplex_forest_end_3, infiniplex_forest_end_1,
          shapermc_ecumenical_altar_mp_highgroup, uniq_natasha
D:3:      layout_rooms, nicolae_elevator_lobby_asterisk

Notes
Turn   | Place    | Note
-------+----------+-------------------------------------------
     0 | D:1      | kae the Coglin Gladiator began the quest for the Orb.
     0 | D:1      | Reached XP level 1. HP: 16/16 MP: 1/1
     0 | D:1      | magus.rc [v1.11.3]
   195 | D:1      | Reached XP level 2. HP: 22/22 MP: 2/2
   625 | D:1      | Reached skill level 4 in Long Blades
   692 | D:1      | You pick up a book of Burglary and begin reading...
   692 | D:1      | You add the spells Ensorcelled Hibernation, Swiftness and
                  | Passwall to your library.
   777 | D:2      | Noticed Natasha
   786 | D:2      | Killed Natasha
   787 | D:2      | Reached XP level 3. HP: 27/27 MP: 3/3
   940 | D:2      | You pick up a book of Callings and begin reading...
   940 | D:2      | You add the spells Summon Small Mammal, Call Canine
                  | Familiar and Summon Blazeheart Golem to your library.
   992 | D:2      | Reached XP level 4. HP: 33/33 MP: 4/4
  1205 | D:2      | Found a faded altar of an unknown god.
  1255 | D:2      | Noticed Natasha
  1259 | D:2      | Killed Natasha
  1260 | D:2      | Reached skill level 5 in Long Blades
  1265 | D:2      | Noticed Natasha
  1270 | D:2      | Killed Natasha
  1271 | D:2      | Reached XP level 5. HP: 23/38 MP: 5/5
  1780 | D:3      | Slain by a gnoll

Vanquished Creatures
  Natasha (thrice) (D:2)
  5 ball pythons
  3 endoplasms (D:2)
  2 giant cockroaches (D:2)
  11 goblins
  2 hobgoblins (D:2)
  3 quokkas
  4 bats
  7 frilled lizards
  4 kobolds
  4 rats
48 creatures vanquished.

Table legend:
 A = Non-vault XP
 B = Vault XP
 C = Vault XP percentage of total XP
 D = Non-vault monster count
 E = Vault monster count
 F = Vault count percentage of total count
                 A         B        C        D         E       F
            +---------+---------+-------+---------+---------+-------
      Total |     138 |      40 |  22.5 |      43 |       5 |  10.4
            +---------+---------+-------+---------+---------+-------
        D:1 |      24 |       5 |  17.2 |      16 |       4 |  20.0
        D:2 |     114 |      35 |  23.5 |      27 |       1 |   3.6
            +---------+---------+-------+---------+---------+-------

Skill      XL: |  1  2  3  4 |
---------------+-------------+-----
Long Blades    | 4 5 |  5.6
Fighting       | |  2.0
Throwing       | |  1.7
Dodging        | |  2.6

Action                     |  1- 3 |  4- 6 || total
---------------------------+-------+-------++-------
  Melee: Dagger            |    52 |    25 ||    77
         Long sword        |    50 |    29 ||    79
    Use: Potion            |       |     1 ||     1
   Stab: Sleeping          |     3 |       ||     3
 Armour: Leather armour    |    29 |    17 ||    46
  Dodge: Dodged            |    22 |    19 ||    41

Illustrated notes

Table legend:
 A = Kills in this place as a percentage of kills in the entire game.
 B = Kills by you in this place as a percentage of kills by you in the entire game.
 C = Kills by friends in this place as a percentage of kills by friends in the entire game.
 D = Other kills in this place as a percentage of other kills in the entire game.
 E = Experience gained in this place as a percentage of experience gained in the entire game.
 F = Experience gained in this place divided by the number of levels of this place that you have seen.
                   A       B       C       D       E      F
               +-------+-------+-------+-------+-------+----------------------
         Total | 100.0 | 100.0 |   N/A |   N/A | 100.0 |  59.3
       Dungeon | 100.0 | 100.0 |   N/A |   N/A | 100.0 |  59.3
               +-------+-------+-------+-------+-------+----------------------

Table legend: (Time is in decaauts)
 A = Elapsed time spent in this place.
 B = Non-inter-level travel time spent in this place.
 C = Inter-level travel time spent in this place.
 D = Time resting spent in this place.
 E = Time spent auto-exploring this place.
 F = Levels seen in this place.
 G = Mean time per level.
                   A        B        C        D        E       F      G
               +--------+--------+--------+--------+--------+-----+--------+
         Total |   1801 |   1664 |    137 |      0 |   1418 |   3 |  600.3 |
       Dungeon |   1801 |   1664 |    137 |      0 |   1418 |   3 |  600.3 |
               +--------+--------+--------+--------+--------+-----+--------+

Top non-repeatable levels by time:
     D:2: 1030 daAuts
     D:1: 766 daAuts
     D:3: 4 daAuts
